Cogmind - Beta 16 @@@ ROGUE MODE // 2025.11.11 @ 19:39:21 Player: Footbal Result: Self-destructed Performance ------------- Evolutions (5) 2500 Regions Visited (6) 1200 Robots Destroyed (11) 55 Value Destroyed (410) 410 Prototype IDs (7) 140 Alien Tech Used (0) 0 Bonus (30) 30 TOTAL SCORE: 4335 Bonus ------- Follower Combat Kills 30 Cogmind --------- Core Integrity 689/1000 Matter 282/300 Energy 100/100 System Corruption 0% Temperature Cool (0) Movement Core (50) Location -5/Factory Parts ------- > --- POWER (2) -------- (None) > --- PROPULSION (4) --- (None) > --- UTILITY (7) ------ Enhanced Optical Array Core Analyzer > --- WEAPON (4) ------- (None) > --- INVENTORY (5) ---- Light Nuclear Core Neutrino Core Neutrino Core Beamcaster Explosive Trap Peak State ------------ > --- POWER ------------ Subdweller Power Source Neutrino Core > --- PROPULSION ------- Subdweller Monowheel Subdweller Monowheel Subdweller Monowheel > --- UTILITY ---------- Medium Storage Unit Enhanced Optical Array Advanced Recoil Stabilizer Kinecellerator Medium Armor Plating Recalibrator > --- WEAPON ----------- Heavy Laser Flak Gun > --- INVENTORY -------- Ion Engine Neutrino Core Carbon-fiber Leg Improved Heat Sink Signal Interpreter Medium Armor Plating Beamcaster Explosive Trap [Rating: 46] Favorites ----------- Power Ion Engine Engine Ion Engine Power Core Neutrino Core Propulsion Subdweller Monowheel Leg Aluminum Leg Wheel Subdweller Monowheel Utility Medium Storage Unit Device Thief Drone Bay Storage Medium Storage Unit Processor Enhanced Optical Array Protection Medium Armor Plating Weapon Assault Rifle Energy Gun Heavy Laser Ballistic Gun Assault Rifle Build | -11 -10 -10 -10 -7 -7 -5 ------- Run | Yrd Mat Min Sub Rec Scr Fac Slots Evolved 10 | . . . . . . 10 Power 1 | . . . . . . 1 Propulsion 2 | . . . . . . 2 Utility 5 | . . . . . . 5 Weapon 2 | . . . . . . 2 Parts Attached 29 | 6 3 . 5 1 2 12 Power 6 | 1 . . 1 . . 4 Engine 4 | 1 . . 1 . . 2 Core 2 | . . . . . . 2 Reactor . | . . . . . . . Propulsion 6 | 2 . . 2 . 2 . Treads . | . . . . . . . Leg 2 | 2 . . . . . . Wheel 4 | . . . 2 . 2 . Hover . | . . . . . . . Flight . | . . . . . . . Utility 11 | 1 3 . 1 . . 6 Device 5 | . 1 . 1 . . 3 Storage 2 | 1 1 . . . . . Processor 3 | . 1 . . . . 2 Hackware . | . . . . . . . Protection 1 | . . . . . . 1 Artifact . | . . . . . . . Weapon 6 | 2 . . 1 1 . 2 Energy Gun 1 | . . . . . . 1 Energy Cannon . | . . . . . . . Ballistic Gun 5 | 2 . . 1 1 . 1 Ballistic Cannon . | . . . . . . . Launcher . | . . . . . . . Special Weapon . | . . . . . . . Impact Weapon . | . . . . . . . Slashing Weapon . | . . . . . . . Piercing Weapon . | . . . . . . . Special Melee Weapon . | . . . . . . . Unidentified Prototypes 1 | . . . 1 . . . Parts Lost 18 | . . . 3 . . 15 Power 3 | . . . 1 . . 2 Propulsion 4 | . . . . . . 4 Utility 6 | . . . 1 . . 5 Weapon 5 | . . . 1 . . 4 Highest Loss Streak 7 | . . . 3 . . 7 To Critical Strikes 1 | . . . . . . 1 Average Backups 8 | 2 8 9 8 9 9 6 Power 1 | . 1 2 2 2 2 1 Propulsion 1 | 1 3 2 2 2 2 . Utility 3 | . 2 5 4 4 4 3 Weapon . | . 1 . . 1 1 1 Tool/Special . | . . . . . . . Unused Backups 14 | . 2 2 2 . . 8 Power 3 | . . . . . . 3 Propulsion 4 | . 2 . 1 . . 1 Utility 5 | . . 1 1 . . 3 Weapon 2 | . . 1 . . . 1 Tool/Special . | . . . . . . . Average Slot Usage (%) 91 | . 96 100 98 100 100 60 Engine 12 | . 14 14 14 14 14 6 Leg 8 | . 28 28 14 . . . Wheel 17 | . . . 12 28 28 15 Device 12 | . 3 14 14 14 14 11 Storage 12 | . 14 14 14 14 14 4 Processor 1 | . 7 . . . . 2 Ballistic Gun 23 | . 28 28 26 28 28 7 Peak Build Rating 46 | 6 8 8 18 21 21 46 Average Rating 19 | 5 7 8 13 19 20 33 On Entrance 11 | . 6 8 8 18 21 20 Avg Prop Armor Cover (%) 3 | . . . . . 3 3 Naked Turns . | . . . . . . . Heaviest Build 50 | 14 20 20 25 27 27 50 Greatest Support 40 | 20 20 20 40 40 40 40 Greatest Overweight (x) 12 | 3 . . 8 . 2 12 Average Overweight (x) . | . . . . . . 2 Largest Inventory Capacity 10 | 8 10 10 10 10 10 10 Average Capacity 9 | 7 9 10 10 10 10 9 Most Carried 10 | 6 10 10 10 10 10 10 Average Carried 9 | 2 8 9 9 10 10 7 Final Capacity 10 | 8 10 10 10 10 10 5 Final Carried 10 | 6 10 10 10 10 10 5 Class Distribution -------------------- 87% | Mutant 9% | Scavenger-Mutant Dominant Class ---------------- Mutant | -10/Materials Mutant | -10/Mines Mutant | -10/Subcaves Mutant | -7/Recycling Mutant | -7/Scraptown Scavenger-Mutant | -5/Factory Resources | -11 -10 -10 -10 -7 -7 -5 ----------- Run | Yrd Mat Min Sub Rec Scr Fac Matter Collected 659 | 240 . 50 87 20 . 262 Remotely . | . . . . . . . Salvage Created 322 | . . . . 60 . 262 Parts 13 | . . . . 2 . 11 Haulers Intercepted . | . . . . . . . Recyclers Shooed 1 | . . . . . . 1 Parts Field Recycled . | . . . . . . . Retrieved Matter . | . . . . . . . Parts Self-Destructed 14 | . . . 14 . . . Prevented . | . . . . . . . Parts Restored 3 | . . . . . . 3 Broken 3 | . . . . . . 3 Kills | -11 -10 -10 -10 -7 -7 -5 ------- Run | Yrd Mat Min Sub Rec Scr Fac Combat Hostiles Destroyed 11 | . . . . 1 . 10 Guns 11 | . . . . 1 . 10 Classes Destroyed 3 | . . . . 1 . 2 Swarmer 7 | . . . . . . 7 Grunt 3 | . . . . . . 3 Sentry 1 | . . . . 1 . . Best Kill Streak 7 | . . . . 1 . 7 Combat Bots Only 7 | . . . . 1 . 7 Max Kills in Single Turn 1 | . . . . 1 . 1 Gunslinging . | . . . . . . . Exploded . | . . . . . . . Melee . | . . . . . . . Uniques/NPCs Destroyed . | . . . . . . . Combat | -11 -10 -10 -10 -7 -7 -5 -------- Run | Yrd Mat Min Sub Rec Scr Fac Hostile Shots Fired 196 | . . . 56 . . 140 Missed 68 | . . . 23 . . 45 Hits 128 | . . . 33 . . 95 Projectile 128 | . . . 33 . . 95 Critical Strikes 6 | . . . . . . 6 Damage Taken 2079 | . . . 507 17 . 1555 Core 387 | . . . 76 . . 311 Absorbed by Shields . | . . . . . . . Core Remaining (%) 84 | 100 . . . . 69 . Volleys Fired 52 | . . . 10 4 . 38 Largest 2 | . . . 2 2 . 2 Hottest 97 | . . . 50 50 . 97 Shots Fired 89 | . . . 19 8 . 62 Gun 89 | . . . 19 8 . 62 Cannon . | . . . . . . . Launcher . | . . . . . . . Special . | . . . . . . . Kinetic 71 | . . . 19 8 . 44 Thermal 18 | . . . . . . 18 Explosive . | . . . . . . . Electromagnetic . | . . . . . . . Robot Hit Streak 9 | . . . 2 3 . 9 Robot Miss Streak 8 | . . . 6 1 . 8 Penetration Max . | . . . . . . . Secondary Targets 1 | . . . . . . 1 Max Gunslinging Chain 1 | . . . . . . 1 Shots Hit Robots 59 | . . . 8 5 . 46 Core Hits 48 | . . . 3 2 . 43 Critical Kills . | . . . . . . . Critical Parts Destroyed 1 | . . . . 1 . . Critical Strikes 1 | . . . . 1 . . Destroy 1 | . . . . 1 . . Melee Attacks . | . . . . . . . Impact . | . . . . . . . Slashing . | . . . . . . . Piercing . | . . . . . . . Sneak Attacks . | . . . . . . . Combat Hostiles . | . . . . . . . Follow-up Attacks . | . . . . . . . Damage Inflicted 1166 | . . . 136 110 . 920 Guns 1150 | . . . 136 110 . 904 Cannons . | . . . . . . . Explosions . | . . . . . . . Melee . | . . . . . . . Ramming 16 | . . . . . . 16 Kinetic 956 | . . . 136 110 . 710 Thermal 194 | . . . . . . 194 Explosive . | . . . . . . . Electromagnetic . | . . . . . . . Impact . | . . . . . . . Slashing . | . . . . . . . Piercing . | . . . . . . . Highest Corruption . | . . . . . . . Average Corruption . | . . . . . . . Corruption Purged . | . . . . . . . Corruption Blocked . | . . . . . . . Overload Shots . | . . . . . . . Overflow Damage . | . . . . . . . Projectiles . | . . . . . . . Explosions . | . . . . . . . Melee . | . . . . . . . Knockbacks . | . . . . . . . Impact . | . . . . . . . Kinetic . | . . . . . . . Secondary . | . . . . . . . Self-Inflicted Damage 8 | . . . . . . 8 Shots . | . . . . . . . Rammed 3 | . . . . . . 3 Targets Rammed 3 | . . . . . . 3 Kicked . | . . . . . . . Crushed . | . . . . . . . Highest Temperature 210 | . . . . 2 . 210 Average Temperature 74 | . . . . 2 . 75 Received Heat Transfer 354 | . . . 144 6 . 204 Siege Activations . | . . . . . . . Martial Activations . | . . . . . . . Shielding Activations . | . . . . . . . Robots Disrupted . | . . . . . . . Combat Hostiles . | . . . . . . . Robots Corrupted . | . . . . . . . Combat Hostiles . | . . . . . . . Parts Fried . | . . . . . . . Impact Corruptions . | . . . . . . . Robots Melted . | . . . . . . . Combat Hostiles . | . . . . . . . Parts Melted . | . . . . . . . Heat Transferred 370 | . . . . . . 370 Parts Sabotaged . | . . . . . . . Parts Stolen . | . . . . . . . Parts Stripped . | . . . . . . . Power Chain Reactions . | . . . . . . . Alert | -11 -10 -10 -10 -7 -7 -5 ------- Run | Yrd Mat Min Sub Rec Scr Fac Maximum Alert Level . | . . . . . . . Low Security (%) 100 | 100 100 100 . 100 . 100 Level 1 . | . . . . . . . Level 2 . | . . . . . . . Level 3 . | . . . . . . . Level 4 . | . . . . . . . Level 5 . | . . . . . . . High Security . | . . . . . . . Max Security . | . . . . . . . Peak Influence 96 | . 10 . . 21 . 96 Initial 12 | . . . . 12 . . Average 7 | . . . . 1 . 21 Influence Increases 321 | . 20 . 45 26 . 230 Destroy 0b10 Robot/C 220 | . . . . 20 . 200 Destroy Leader 30 | . . . . . . 30 Allied During Kill 1 | . . . . 1 . . Successful Hack 25 | . 20 . . 5 . . Lose Combat Pursuer 45 | . . . 45 . . . Influence Decreases 321 | . 20 . 20 51 . 230 Entered New Map 13 | . . . . 13 . . Time Decay 190 | . 20 . 20 38 . 112 Lost Part 118 | . . . . . . 118 Squads Dispatched 3 | . . . . . . 3 Investigation 1 | . . . . . . 1 Extermination . | . . . . . . . Reinforcement . | . . . . . . . Assault . | . . . . . . . Garrison 2 | . . . . . . 2 Intercept . | . . . . . . . Searches Triggered . | . . . . . . . Construction Impeded . | . . . . . . . Haulers Reinforced . | . . . . . . . Active Scanning Responses . | . . . . . . . Cargo Convoy Interrupts . | . . . . . . . Stealth | -11 -10 -10 -10 -7 -7 -5 --------- Run | Yrd Mat Min Sub Rec Scr Fac Distress Signals 1 | . . . . . . 1 Communications Jammed . | . . . . . . . Distress Signals . | . . . . . . . Times Spotted 35 | . . . 15 1 . 19 Peak Tracking Total 9 | . . . 9 1 . 6 Tactical Retreats 2 | . . . 2 . . . Traps | -11 -10 -10 -10 -7 -7 -5 ------- Run | Yrd Mat Min Sub Rec Scr Fac Traps Triggered . | . . . . . . . Indirectly . | . . . . . . . Trap Hack Attempts . | . . . . . . . Triggered . | . . . . . . . Disarmed . | . . . . . . . Reprogrammed . | . . . . . . . Reused . | . . . . . . . Traps Extracted . | . . . . . . . Installed . | . . . . . . . Triggered . | . . . . . . . Most Traps Carried 1 | . . 1 1 1 1 1 Machines | -11 -10 -10 -10 -7 -7 -5 ---------- Run | Yrd Mat Min Sub Rec Scr Fac Machines Disabled . | . . . . . . . Max in Single Turn . | . . . . . . . Machines Repaired . | . . . . . . . Machines Dismantled . | . . . . . . . Machines Sabotaged . | . . . . . . . Overloaded Fab Kills . | . . . . . . . Hacking | -11 -10 -10 -10 -7 -7 -5 --------- Run | Yrd Mat Min Sub Rec Scr Fac Machines Accessed 13 | . 3 1 . 6 2 1 Terminals 7 | . 3 . . 4 . . Fabricators . | . . . . . . . Repair Stations . | . . . . . . . Recycling Units . | . . . . . . . Scanalyzers . | . . . . . . . Garrison Access 1 | . . . . . . 1 Total Hacks 61 | . 9 1 . 30 19 2 Successful 50 | . 4 1 . 26 19 . Failed 11 | . 5 . . 4 . 2 Catastrophic 3 | . . . . 2 . 1 Database Lockouts . | . . . . . . . Manual . | . . . . . . . Terminals 15 | . 9 . . 6 . . Fabricators . | . . . . . . . Repair Stations . | . . . . . . . Recycling Units . | . . . . . . . Scanalyzers . | . . . . . . . Garrison Access 2 | . . . . . . 2 Terminal Hacks 50 | . 4 1 . 26 19 . Record 43 | . . . . 24 19 . Robot Analysis 1 | . 1 . . . . . Prototype ID Bank 3 | . 2 . . 1 . . Open Door 1 | . . 1 . . . . Hauler Manifests 1 | . 1 . . . . . Zone Layout 1 | . . . . 1 . . Fabricator Hacks . | . . . . . . . Repair Station Hacks . | . . . . . . . Recycling Unit Hacks . | . . . . . . . Scanalyzer . | . . . . . . . Garrison Access Hacks . | . . . . . . . Unauthorized Hacks . | . . . . . . . Terminals . | . . . . . . . Fabricators . | . . . . . . . Repair Stations . | . . . . . . . Recycling Units . | . . . . . . . Scanalyzers . | . . . . . . . Garrison Access . | . . . . . . . Data Cores Recovered . | . . . . . . . Used . | . . . . . . . Hacking Detections 6 | . 2 . . 3 . 1 Full Trace Events 1 | . . . . . . 1 Feedback Events . | . . . . . . . Feedback Blocked . | . . . . . . . Robot Schematics Acquired . | . . . . . . . Robots Built . | . . . . . . . Authchips . | . . . . . . . Time . | . . . . . . . Total Robot Build Rating . | . . . . . . . Part Schematics Acquired . | . . . . . . . Parts Built . | . . . . . . . Authchips . | . . . . . . . Time . | . . . . . . . Total Part Build Rating . | . . . . . . . Part Studies Acquired . | . . . . . . . Parts Repaired . | . . . . . . . Time . | . . . . . . . Parts Recycled . | . . . . . . . Recycled Matter . | . . . . . . . Retrieved Matter . | . . . . . . . Retrieved Components . | . . . . . . . Parts Scanalyzed . | . . . . . . . Part Schematics Acquired . | . . . . . . . Parts Damaged . | . . . . . . . Bothacking | -11 -10 -10 -10 -7 -7 -5 ------------ Run | Yrd Mat Min Sub Rec Scr Fac Used RIF Installer . | . . . . . . . Robots Hacked . | . . . . . . . Non-combat . | . . . . . . . Combat . | . . . . . . . Robot Hacks Applied . | . . . . . . . Relay Couplers Released . | . . . . . . . Fabnet Peak Effective % . | . . . . . . . Robots Rewired . | . . . . . . . Allies Hacked . | . . . . . . . Hacks Repelled . | . . . . . . . Allies | -11 -10 -10 -10 -7 -7 -5 -------- Run | Yrd Mat Min Sub Rec Scr Fac Total Allies . | . . . . . . . Largest Group . | . . . . . . . Highest-Rated Group . | . . . . . . . Highest-Rated Ally . | . . . . . . . Total Orders . | . . . . . . . Ally Attacks 19 | . . . 10 9 . . Total Damage 104 | . . . 44 60 . . Kills 1 | . . . 1 . . . Allies Corrupted . | . . . . . . . Allies Melted . | . . . . . . . Intel | -11 -10 -10 -10 -7 -7 -5 ------- Run | Yrd Mat Min Sub Rec Scr Fac Active Infowar (turns) 809 | . 50 467 90 . . 202 Optics 202 | . . . . . . 202 Sensors 607 | . 50 467 90 . . . Robot Analysis Total 1 | . 1 . . . . . Derelict Logs Recovered 5 | . . 1 1 . 3 . Drone Launches 4 | . . . 3 1 . . Drone Recoveries 4 | . . . 3 1 . . Exploration | -11 -10 -10 -10 -7 -7 -5 ------------- Run | Yrd Mat Min Sub Rec Scr Fac Turns Passed 2915 | 68 224 467 261 441 854 600 Spaces Moved 2243 | 45 178 362 179 385 793 301 Core 46 | 5 . . 1 . . 40 Treads . | . . . . . . . Legs 664 | 40 178 362 84 . . . Wheels 1533 | . . . 94 385 793 261 Hover . | . . . . . . . Flight . | . . . . . . . Fastest Speed 50 | 50 120 120 110 110 95 50 Average Speed 117 | 120 120 120 122 110 107 145 Slowest Speed 650 | 200 120 120 450 110 120 650 Overloaded Moves . | . . . . . . . Propulsion Burnouts . | . . . . . . . Robots Hopped . | . . . . . . . Potential Cave-ins . | . . . . . . . Cave-ins Triggered . | . . . . . . . Exploration Rate (%) 37 | 5 38 71 13 68 58 9 Regions Visited 6 Branch Regions 4 Pre-discovered Areas 1 | . . . . . 1 . Known Exits Taken . | . . . . . . . Unknown Exits Taken 6 | 1 1 1 1 1 1 . Scrap Searched 1 | . . 1 . . . . Spaces Dug . | . . . . . . . Terrain Destroyed . | . . . . . . . Melee . | . . . . . . . Projectile . | . . . . . . . AOE . | . . . . . . . Terrain Rammed . | . . . . . . . Walls Destroyed . | . . . . . . . Machines Disabled . | . . . . . . . Actions | -11 -10 -10 -10 -7 -7 -5 --------- Run | Yrd Mat Min Sub Rec Scr Fac Total 2431 | 56 189 396 201 395 794 400 Wait 72 | . . 29 2 5 . 36 Move 2237 | 44 177 361 178 384 792 301 Hop . | . . . . . . . Pick Up 20 | 6 5 3 2 . . 4 Fast Attach 19 | 6 3 . 3 . . 7 Attach 7 | . . . 2 . . 5 Detach 3 | . 2 . . . . 1 Swap 5 | . . . . 1 2 2 Drop 13 | . 2 3 4 1 . 3 Fire 52 | . . . 10 4 . 38 Melee . | . . . . . . . Ram 3 | . . . . . . 3 Kick . | . . . . . . . Crush . | . . . . . . . Escape Stasis . | . . . . . . . Rewire . | . . . . . . . Trap . | . . . . . . . Miscellaneous . | . . . . . . . Route ------- -11/Scrapyard -10/Materials (discovered 2 exits: [*Mat] / *Min) -10/Mines (discovered 2 exits: [*Mat] / [*Sub]) -10/Subcaves -7/Recycling (discovered 2 exits: *Fac / *Scr) -7/Scraptown -5/Factory (discovered 1 exit: Fac) History --------- Turn | Location | Event 19 | -11/Scrapyard | Discovered new exit (range 16) 69 | -11/Scrapyard | Entered Materials 213 | -10/Materials | Discovered new exit (range 6) 262 | -10/Materials | Discovered new exit (range 16) 293 | -10/Materials | Entered Mines 302 | -10/Mines | Build established: Mutant 311 | -10/Mines | Met a Derelict bent on vengeance 402 | -10/Mines | Found the Drone Emporium 407 | -10/Mines | Found Prototype Device 444 | -10/Mines | Discovered new exit (range 16) 603 | -10/Mines | Found a hidden stash of uninstalled traps 752 | -10/Mines | Discovered new exit (range 6) 760 | -10/Mines | Entered Subcaves 761 | -10/Subcaves | Approached by a straggling Scientist 818 | -10/Subcaves | Learned 2 Materials zone layouts 855 | -10/Subcaves | Identified Thief Drone Bay 856 | -10/Subcaves | Ambushed by swarm of Subdwellers 901 | -10/Subcaves | Lost 3 parts (1p1u1w) 994 | -10/Subcaves | Discovered new exit (range 15) 1021 | -10/Subcaves | Entered Recycling 1022 | -7/Recycling | Met a Zionite searching for Scraptown 1212 | -7/Recycling | Discovered new exit (range 16) 1427 | -7/Recycling | Scanned before Scraplab entrance 1443 | -7/Recycling | Entered Scraplab 1459 | -7/Recycling | Discovered new exit (range 3) 1462 | -7/Recycling | Entered Scraptown 1684 | -7/Scraptown | Visited Awakened 1720 | -7/Scraptown | Visited TADAMA 1752 | -7/Scraptown | Visited Shadow of the Wyrm 1786 | -7/Scraptown | Visited UFD Registry 1799 | -7/Scraptown | Visited IN-MT5's Study 1868 | -7/Scraptown | Visited Fellowship of the Rings 1894 | -7/Scraptown | Visited Cyclists 1992 | -7/Scraptown | Visited Red Mages 2220 | -7/Scraptown | Heard Great Nut preacher, LISTEN AND RECITE! 2242 | -7/Scraptown | Scanned Subdweller tech in exchange for log data 2244 | -7/Scraptown | Learned Factory trap positions 2246 | -7/Scraptown | Learned location of 1 exit from Factory 2247 | -7/Scraptown | Learned location of Zion (-7) 2262 | -7/Scraptown | Discovered new exit (range 5) 2316 | -7/Scraptown | Entered Factory 2316 | -5/Factory | Evolved 10 slots: Power x1, Propulsion x2, Utility x5, Weapon x2 2317 | -5/Factory | Identified exit to Factory 2318 | -5/Factory | Loaded intel: 71 trap records 2504 | -5/Factory | Lost 4 parts (1p1n1u1w) 2746 | -5/Factory | Garrison activated, responded to threat 2799 | -5/Factory | Destroyed 7 combat bots 2804 | -5/Factory | Lost 4 parts (1n3u) 2916 | -5/Factory | Self-destructed Last Messages --------------- 02876_ U-05 Engineer works on Construction Platform. 02878_ K-01 Serf destroyed. 02879_ K-01 Serf cleans the Construction Platform. 02882_ Flak Gun destroyed. 02882_ Sub. Monowheel destroyed. 02883_ K-01 Serf collects debris. 02883_ Slammed into K-01 Serf. 02883_ Destabilizing: System interference. 02883_ Core Analyzer temporarily disabled. [Achievement: For Emergencies Only] 02888_ Slammed into R-10 Processor. 02893_ Recalibrator destroyed. 02896_ Lgt. Nuclear Core destroyed. 02897_ Sub. Monowheel destroyed. 02901_ Autogun destroyed. 02903_ Hvy. Laser destroyed. 02906_ Dropped Med. Storage Unit. 02915_ Slammed into K-01 Serf. Map ----- +----------------------------------------------------+ | ?????????????????????????????????????????????????? | | ?????????????????????????????????????????????????? | | ?????????????????????????????????????????????????? | | ?????????????????????????????????????????????????? | | ?????????????????????????+???????????????????????? | | ????????????????????????? ??????????????????????? | | ????????????????????????? ????? ????????????????? | | ????????????????????????? ????? ??????????????###+ | | ????????????????????????? ????? ??????????????+ | | ????????????????????????? ????? ??????????????# | | ????????????????????????? ????? ??????????????# | | ????????????????????????? ????? ??????????????+ | | ????????????????????????? ????? ??????????????# | | ????????????????????????? ????? ??????????????# | | ????????????????????????#/#???? ??????????????# | | ????????????????????????#R#???? ??????????????# | | ????????????????????????# #???# #?????????????# | | ????????????????????????# #???# #?????????????# | | ????????????????????????# #???# #?????????????# = | | ????????????????????????# #???# #?????????????# !% | | ?????????????????####???# #???# #????########## | | ?????????????????# ??# #???# #????# # | | ?????????????????# ""??# #???# #????# """ # | | ?????????????????# """?#k#???# #????# """ # | | ?????????????????# """?# #???# #????# """ # | | ?????????????????# #@#???# #????# + | | ?????????????????# """ #s##### ######= """ # | | ?????????????????# """ /s *!!/! """ # | | ?????????????????# """ # #####+######! """ # | | ?????????????????# # #??# !???# # | | ?????????????????# "" ?# #??# ?########## | | ?????????????????# "Y ?# #??# """ #?????????# | | ?????????????????# "" ??# #??# """ #?????????# | | ?????????????????# ??# #??#! """ #?????????# | | ?????????????????####???# #??# #?????????# | | ????????????????????????# #??########?????????#^ | | ????????????????????????# #???????????????????# ^ | | ????????????????????????# #???????????????????#[ | | ???????????????????????? ???????????????????# | | ???????????????????????? ???????????????????# " | | ???????????????????????? ???????????????????# " | | ???????????????????????? ???????????????????#### | | ??????????????????????H? ??????????????????????? | | ???????????????????????? ??????????????????????? | | ???????????????????????? ??????????????????????? | | ???????????????????????? ??????????????????????? | | ???????????????????????? ??????????????????????? | | ????????????????????????###??????????????????????? | | ?????????????????????????????????????????????????? | | ?????????????????????????????????????????????????? | +----------------------------------------------------+ Best States ------------- Heat Dissipation 40 Energy Generation 29 Energy Capacity 415 Matter Stores 300 Matter Capacity 300 Sight Range 22 Robot Scan Range 14 Terrain Scan Density 10 Armor Coverage 225 Evasion (%) 55 Targeting Accuracy 5 Core Analysis 6 Recoil Reduction 6 Kinecelleration 30 Item Schematics ----------------- None Robot Schematics ------------------ None Fabricated ------------ Nothing Repaired ---------- Nothing Studied --------- None Alien Tech Used ----------------- None Achievements -------------- Civilization 2243 DATA ERROR: Steam Global Achievement% For Emergencies Only I Have A Map? Spot Them First There's More Where That Came From You May Approach The Wall Challenges ------------ None Game ------ Seed JunkGodRipteeth Manual? 0 Play Time 01:22:21 Cumulative 25.5 hours Start 2025.10.28 @ 18:58:53 End 2025.11.11 @ 19:39:21 Sessions 5 Manual Loads 0 Difficulty Rogue Special Mode None Game No. 18 Rogue 15 Adventurer 3 Explorer 0 Win Type - Total 0 Types 0/0/0/0/0/0/0/0/0/0 Lore% 19 Gallery% 18 Achievement% 12 Wizard Run 0 Options --------- Layout 1 ASCII 0 Keyboard 1 Movement Arrows Keybinds 0 Fullscreen 1 Font 32/SmallcapsGlow Map View 50x35 Zoom Use 5% Tactical HUD 1 Map Filters NONE Filters NONE Steam 1 RUN: 7d851114-f0ba-4abb-992d-6c50122ce53c